AoeStats
← cPhoenix78

Arabia

503720789Analyzed
2v2 RM · 1mo ago on Sep 2, 2026· 58m 53s· 4 players
Game mode
Random Map
Map size
Medium (4 player)
Population
200
Speed
Normal
Resources
Standard
Victory
Conquest
Starting age
Dark Age
Ending age
Imperial Age
RankedLock teamsTeams togetherTeam positionsShared explorationLock speedFull tech treeHidden civsTurbo modeCheats
Victory
Defeat
🇲🇽 Byzantines · Mexico
434
+16
🇵🇪 Persians · Peru
390
+18
🇧🇷 Sicilians · Brazil
441
-17
424
-17
Martín Vizcarra
12:34 Feudal Age
14:24 Wheelbarrow
13:35 Double-Bit Axe
14:31 Horse Collar
20:08 Gold Mining
21:38 Stone Mining
27:51 Castle Age
26:18 Forging
29:47 Bow Saw
30:26 Stone Shaft Mining
31:32 Iron Casting
33:24 Caravan
33:16 Pikeman
34:46 Hand Cart
35:14 Heavy Plow
36:43 Parthian Tactics
39:59 Fletching
41:54 Ballistics
41:29 Murder Holes
45:24 Imperial Age
43:06 Kamandaran
47:10 Two-Man Saw
46:42 Crop Rotation
50:26 Chemistry
49:28 Bodkin Arrow
50:33 Blast Furnace
49:14 Elite War Elephant
49:41 Crossbowman
53:39 Bloodlines
53:30 Husbandry
52:53 Cavalier
52:54 Light Cavalry
54:14 Citadels
53:47 Heavy Cavalry Archer
54:32 Scale Mail Armor
54:38 Scale Barding Armor
56:43 Hussar
cPhoenix78
2:18 Loom
13:41 Feudal Age
17:28 Arson
20:43 Horse Collar
20:59 Double-Bit Axe
21:36 Gold Mining
22:10 Man-at-Arms
23:54 Stone Mining
26:48 Wheelbarrow
27:01 Forging
26:46 Fletching
27:39 Scale Mail Armor
27:42 Padded Archer Armor
28:06 Scale Barding Armor
33:47 Castle Age
34:47 Hand Cart
35:21 Bow Saw
38:00 Caravan
38:53 Leather Archer Armor
38:36 Bodkin Arrow
39:18 Coinage
39:55 Chain Barding Armor
39:53 Chain Mail Armor
39:51 Fervor
40:09 Husbandry
39:32 Light Cavalry
40:25 Treadmill Crane
44:24 Imperial Age
44:25 Squires
44:14 Gambesons
43:51 Pikeman
44:39 Thumb Ring
43:56 Elite Skirmisher
43:59 Crossbowman
45:59 Stone Shaft Mining
45:29 Heavy Plow
46:33 Two-Man Saw
46:15 Gold Shaft Mining
46:45 Chemistry
45:42 Murder Holes
45:58 Fortified Wall
46:10 Ballistics
45:35 Arrowslits
45:41 Guard Tower
47:11 Conscription
47:28 Hoardings
46:18 Heavy Cavalry Archer
46:22 Arbalester
46:24 Cavalier
46:27 Halberdier
46:30 Long Swordsman
48:15 Bombard Tower
48:34 Iron Casting
49:07 Elite Cataphract
50:39 Ring Archer Armor
50:14 Bracer
51:12 Plate Barding Armor
51:42 Plate Mail Armor
51:45 Banking
51:49 Guilds
52:15 Greek Fire
53:03 Onager
53:06 Capped Ram
53:58 Logistica
53:53 Two-Handed Swordsman
57:13 Keep
56:59 Block Printing
56:28 Siege Ram
57:33 Champion
A K A LITTLE DADDY
10:30 Feudal Age
11:31 Horse Collar
11:56 Double-Bit Axe
13:32 Wheelbarrow
14:01 Loom
21:50 Castle Age
21:10 Gold Mining
21:12 Stone Mining
23:52 Hand Cart
23:40 Heavy Plow
23:54 Pikeman
26:10 Crossbowman
27:22 Fletching
27:32 Padded Archer Armor
27:45 Forging
28:42 Town Watch
29:08 Caravan
29:38 Coinage
29:53 Gold Shaft Mining
31:11 Town Patrol
33:36 Stone Shaft Mining
35:26 Bow Saw
38:25 Devotion
41:09 Coinage
43:26 Imperial Age
42:25 Bodkin Arrow
42:45 Leather Archer Armor
42:31 Scale Mail Armor
43:06 Iron Casting
44:44 Banking
44:24 Guilds
44:29 Bracer
44:12 Arbalester
46:13 Faith
46:31 Halberdier
48:40 Crop Rotation
49:11 Fervor
49:24 Sanctity
49:28 Chain Mail Armor
50:24 Blast Furnace
51:59 Illumination
51:29 Herbal Medicine
52:23 Plate Mail Armor
56:45 Hoardings
55:42 Sappers
JOAO GALO MATADOR DE GENTE
10:55 Feudal Age
11:28 Loom
19:17 Castle Age
19:37 Scale Barding Armor
22:59 Husbandry
23:20 Forging
25:01 Gold Mining
25:18 Double-Bit Axe
29:39 Bow Saw
29:22 Stone Mining
29:21 Horse Collar
35:06 Wheelbarrow
34:17 Town Watch
36:18 Hand Cart
36:09 Caravan
37:02 Padded Archer Armor
36:58 Fletching
37:17 Scale Mail Armor
38:55 Chain Barding Armor
39:13 Iron Casting
41:06 Stone Shaft Mining
40:36 Town Patrol
40:18 Crossbowman
41:04 Thumb Ring
46:55 Imperial Age
45:19 Leather Archer Armor
45:00 Bodkin Arrow
48:18 Fervor
48:32 Sanctity
48:45 Illumination
48:37 Block Printing
49:07 Coinage
50:36 Pikeman
51:18 Squires
52:25 Cavalier
54:52 Plate Barding Armor
55:19 Blast Furnace
Connection lost

Rejoining the realm…

Still unreachable

The connection could not be restored.

Session expired

The server has moved on; the page needs a fresh start.